General information
- name: BNet
- type: Ladder team game (AT/RT)
- host: Battle.net
- saver: k2_boarder
map: RiceFields
- players: 6
- length: 48:24
- speed: Fast
- version: 1.21 W3XP
- replay type: Public
» download(343 KB)
Players
team 1 (winner)
Fiar (
yellow | 68 APM | 3281 actions | 48:23)
7 Blademaster
3 Wind Walk
3 Critical Strike
1 Bladestorm
» actions
| Assign group hotkey | 7 | |
| Basic commands | 3 | |
| Build / train | 55 | |
| Enter build submenu | 21 | |
| Enter hero's abilities submenu | 7 | |
| Remove unit from queue | 1 | |
| Right click | 2546 | |
| Select / deselect | 423 | |
| Select group hotkey | 44 | |
| Use ability | 174 | |
3281 total
» units
» upgrades
| Reinforced Defenses | 1 | |
| Liquid Fire | 1 | |
| Ranged Weapons | 1 | |
3 total
» buildings
| Altar of Storms | 1 | |
| Orc Burrow | 4 | |
| War Mill | 1 | |
| Watch Tower | 24 | |
| Stronghold | 2 | |
| Voodoo Lounge | 1 | |
| Fortress | 1 | |
| Beastiary | 2 | |
36 total
» build order
00:13 Altar of Storms
00:17 Orc Burrow
01:03 War Mill
02:17 Watch Tower
02:24 Watch Tower
03:09 Stronghold
03:10 Stronghold
03:13 Watch Tower
03:44 Watch Tower
04:08 Voodoo Lounge
05:04 Orc Burrow
05:32 Fortress
05:37 Beastiary
05:39 Beastiary
05:44 Orc Burrow
05:47 Orc Burrow
05:57 Watch Tower
06:00 Watch Tower
23:37 Watch Tower
23:37 Watch Tower
23:37 Watch Tower
23:38 Watch Tower
23:39 Watch Tower
23:39 Watch Tower
23:40 Watch Tower
23:40 Watch Tower
25:15 Watch Tower
25:16 Watch Tower
26:16 Watch Tower
26:17 Watch Tower
26:19 Watch Tower
26:22 Watch Tower
26:25 Watch Tower
27:45 Watch Tower
27:46 Watch Tower
27:47 Watch Tower
» items
| Lesser Clarity Potion | 3 | |
| Healing Salve | 1 | |
| Orb of Lightning | 1 | |
| Scroll of Town Portal | 4 | |
9 total

»
k2_boarder (
purple | 82 APM | 3956 actions | 48:24)
8 Keeper of the Grove
3 Entangling Roots
3 Thorns Aura
1 Tranquility
1 Force of Nature
» actions
| Assign group hotkey | 431 | |
| Basic commands | 9 | |
| Build / train | 71 | |
| Enter build submenu | 18 | |
| Enter hero's abilities submenu | 8 | |
| Give item / drop item | 3 | |
| Right click | 1782 | |
| Select / deselect | 566 | |
| Select group hotkey | 875 | |
| Use ability | 193 | |
3956 total
» units
| Wisp | 22 | |
| Chimaera | 19 | |
| Hippogryph | 1 | |
42 total
» upgrades
| Strength of the Wild | 3 | |
| Well Spring | 1 | |
| Corrosive Breath | 1 | |
| Reinforced Hides | 2 | |
7 total
» buildings
| Altar of Elders | 1 | |
| Moon Well | 8 | |
| Tree of Ages | 1 | |
| Tree of Life | 2 | |
| Ancient of Wind | 1 | |
| Tree of Eternity | 3 | |
| Hunter's Hall | 1 | |
| Ancient of Wonders | 2 | |
| Chimaera Roost | 3 | |
22 total
» build order
00:09 Altar of Elders
00:11 Moon Well
01:45 Moon Well
05:02 Moon Well
06:18 Tree of Ages
06:45 Tree of Life
07:29 Moon Well
07:31 Moon Well
08:43 Ancient of Wind
10:58 Tree of Eternity
10:59 Tree of Eternity
10:59 Tree of Eternity
12:03 Hunter's Hall
14:52 Ancient of Wonders
15:09 Chimaera Roost
15:46 Chimaera Roost
16:31 Moon Well
25:03 Moon Well
25:04 Moon Well
25:25 Ancient of Wonders
26:40 Tree of Life
31:17 Chimaera Roost
» items
| Scroll of Town Portal | 5 | |
| Orb of Venom | 1 | |
| Anti-magic Potion | 2 | |
| Potion of Healing | 1 | |
9 total
Wiater (
pink | 100 APM | 4830 actions | 48:23)
9 Mountain King
3 Storm Bolt
3 Bash
1 Avatar
2 Thunder Clap
» actions
| Assign group hotkey | 154 | |
| Basic commands | 10 | |
| Build / train | 243 | |
| Enter build submenu | 75 | |
| Enter hero's abilities submenu | 9 | |
| Give item / drop item | 2 | |
| Remove unit from queue | 1 | |
| Right click | 1592 | |
| Select / deselect | 646 | |
| Select group hotkey | 1866 | |
| Use ability | 232 | |
4830 total
» units
| Peasant | 18 | |
| Sorceress | 2 | |
| Flying Machine | 53 | |
| Dragonhawk Rider | 4 | |
| Priest | 2 | |
| Siege Engine | 1 | |
80 total
» upgrades
| Masonry | 3 | |
| Lumber Harvesting | 2 | |
| Sorceress Training | 2 | |
| Magic Sentry | 1 | |
| Gunpowder | 3 | |
| Flak Cannons | 1 | |
| Fragmentation Shards | 1 | |
| Flying Machine Bombs | 1 | |
| Cloud | 1 | |
| Plating | 3 | |
| Priest Training | 1 | |
19 total
» buildings
| Altar of Kings | 1 | |
| Farm | 12 | |
| Lumber Mill | 1 | |
| Scout Tower | 54 | |
| Arcane Tower | 6 | |
| Guard Tower | 73 | |
| Keep | 1 | |
| Arcane Vault | 1 | |
| Castle | 3 | |
| Arcane Sanctum | 1 | |
| Blacksmith | 1 | |
| Workshop | 4 | |
| Gryphon Aviary | 1 | |
| Town Hall | 1 | |
160 total
» build order
00:09 Altar of Kings
00:10 Farm
00:24 Lumber Mill
00:48 Farm
01:00 Scout Tower
01:08 Farm
01:24 Scout Tower
01:39 Scout Tower
01:41 Arcane Tower
01:51 Arcane Tower
01:52 Scout Tower
01:57 Scout Tower
01:59 Scout Tower
02:08 Guard Tower
02:08 Guard Tower
02:10 Scout Tower
02:14 Scout Tower
02:20 Guard Tower
02:21 Guard Tower
02:23 Scout Tower
02:39 Guard Tower
02:42 Scout Tower
02:44 Scout Tower
02:47 Arcane Tower
02:50 Arcane Tower
02:55 Guard Tower
03:17 Guard Tower
03:19 Guard Tower
03:21 Scout Tower
03:27 Guard Tower
03:28 Guard Tower
03:29 Scout Tower
03:31 Scout Tower
03:34 Scout Tower
03:35 Scout Tower
03:36 Scout Tower
03:36 Scout Tower
03:41 Scout Tower
03:43 Scout Tower
03:46 Keep
04:02 Guard Tower
04:02 Guard Tower
04:10 Guard Tower
04:11 Guard Tower
04:14 Scout Tower
04:15 Scout Tower
04:16 Scout Tower
04:27 Guard Tower
04:27 Guard Tower
04:30 Guard Tower
04:43 Guard Tower
04:47 Arcane Vault
04:57 Farm
04:58 Farm
05:00 Farm
05:03 Guard Tower
05:05 Guard Tower
05:06 Guard Tower
05:08 Scout Tower
05:09 Scout Tower
05:11 Scout Tower
05:11 Scout Tower
05:19 Guard Tower
05:19 Guard Tower
05:22 Scout Tower
05:23 Scout Tower
05:24 Scout Tower
05:39 Guard Tower
05:42 Guard Tower
05:42 Guard Tower
06:15 Guard Tower
06:21 Guard Tower
07:13 Guard Tower
07:13 Guard Tower
07:26 Guard Tower
07:26 Guard Tower
07:27 Castle
07:27 Castle
07:28 Castle
07:32 Arcane Sanctum
07:41 Guard Tower
07:56 Blacksmith
08:47 Farm
08:48 Farm
08:48 Farm
08:50 Farm
08:52 Workshop
08:54 Workshop
08:58 Workshop
09:04 Workshop
09:30 Farm
09:31 Farm
10:45 Guard Tower
10:45 Guard Tower
11:11 Gryphon Aviary
12:23 Guard Tower
13:02 Scout Tower
13:02 Scout Tower
13:03 Scout Tower
13:03 Scout Tower
13:04 Scout Tower
13:27 Arcane Tower
13:38 Guard Tower
13:38 Guard Tower
13:46 Guard Tower
17:50 Scout Tower
17:50 Scout Tower
17:50 Scout Tower
17:51 Scout Tower
17:54 Guard Tower
17:54 Guard Tower
18:26 Guard Tower
18:26 Guard Tower
18:26 Guard Tower
22:36 Scout Tower
22:37 Scout Tower
22:37 Scout Tower
22:37 Scout Tower
22:39 Guard Tower
23:13 Guard Tower
23:27 Scout Tower
23:28 Scout Tower
23:28 Scout Tower
23:28 Scout Tower
23:29 Scout Tower
24:22 Guard Tower
24:22 Guard Tower
24:31 Town Hall
24:34 Scout Tower
24:34 Scout Tower
24:34 Scout Tower
24:34 Scout Tower
25:05 Guard Tower
25:05 Guard Tower
» items
| Scroll of Regeneration | 5 | |
| Lesser Clarity Potion | 3 | |
| Ivory Tower | 26 | |
| Scroll of Town Portal | 10 | |
| Potion of Healing | 2 | |
| Potion of Mana | 2 | |
| Staff of Sanctuary | 1 | |
| Orb of Lightning | 1 | |
50 total
team 2 (loser)
got-fcked (
orange | 69 APM | 3345 actions | 48:18)
6 Demon Hunter
3 Mana Burn
2 Evasion
1 Metamorphosis
» actions
| Assign group hotkey | 20 | |
| Basic commands | 85 | |
| Build / train | 66 | |
| Enter build submenu | 55 | |
| Enter hero's abilities submenu | 6 | |
| Give item / drop item | 7 | |
| Remove unit from queue | 3 | |
| Right click | 1455 | |
| Select / deselect | 640 | |
| Select group hotkey | 869 | |
| Use ability | 139 | |
3345 total
» units
» upgrades
| Corrosive Breath | 1 | |
| Reinforced Hides | 2 | |
3 total
» buildings
| Altar of Elders | 1 | |
| Moon Well | 8 | |
| Tree of Ages | 1 | |
| Hunter's Hall | 1 | |
| Ancient of Lore | 1 | |
| Ancient Protector | 21 | |
| Tree of Eternity | 1 | |
| Ancient of Wind | 2 | |
| Tree of Life | 4 | |
| Chimaera Roost | 3 | |
| Ancient of Wonders | 1 | |
44 total
» build order
00:12 Altar of Elders
00:24 Moon Well
02:02 Tree of Ages
02:34 Hunter's Hall
02:50 Moon Well
02:58 Moon Well
03:00 Moon Well
03:36 Moon Well
04:47 Ancient of Lore
05:27 Ancient Protector
05:29 Ancient Protector
05:30 Ancient Protector
05:31 Ancient Protector
05:36 Ancient Protector
06:20 Tree of Eternity
06:35 Ancient of Wind
06:41 Ancient of Wind
08:37 Tree of Life
08:39 Ancient Protector
08:41 Tree of Life
08:57 Ancient Protector
08:58 Ancient Protector
09:15 Ancient Protector
09:35 Moon Well
10:02 Ancient Protector
10:12 Ancient Protector
10:13 Ancient Protector
10:29 Ancient Protector
10:38 Ancient Protector
12:01 Ancient Protector
12:04 Ancient Protector
12:08 Ancient Protector
13:16 Ancient Protector
13:32 Ancient Protector
13:34 Ancient Protector
13:36 Ancient Protector
14:56 Tree of Life
15:52 Chimaera Roost
15:52 Chimaera Roost
15:53 Chimaera Roost
17:16 Tree of Life
19:44 Moon Well
19:46 Moon Well
21:25 Ancient of Wonders
» items
| Orb of Corruption | 1 | |
| Potion of Healing | 1 | |
| Potion of Invulnerability | 1 | |
| Potion of Greater Healing | 1 | |
| Claws of Attack +15 | 2 | |
6 total
SEAN_W (
blue | 56 APM | 2721 actions | 48:22)
4 Death Knight
2 Death Coil
2 Unholy Aura
3 Lich
2 Frost Nova
1 Frost Armor
3 Dreadlord
2 Sleep
1 Carrion Swarm
» actions
| Assign group hotkey | 103 | |
| Basic commands | 209 | |
| Build / train | 79 | |
| ESC pressed | 1 | |
| Enter build submenu | 46 | |
| Enter hero's abilities submenu | 10 | |
| Give item / drop item | 1 | |
| Remove unit from queue | 2 | |
| Right click | 1226 | |
| Select / deselect | 447 | |
| Select group hotkey | 495 | |
| Use ability | 102 | |
2721 total
» units
| Acolyte | 8 | |
| Ghoul | 7 | |
| Frost Wyrm | 3 | |
| Crypt Fiend | 7 | |
25 total
» upgrades
| Creature Attack | 2 | |
| Creature Carapace | 2 | |
| Web | 1 | |
5 total
» buildings
| Crypt | 1 | |
| Altar of Darkness | 1 | |
| Ziggurat | 28 | |
| Tomb of Relics | 1 | |
| Nerubian Tower | 2 | |
| Halls of the Dead | 3 | |
| Graveyard | 1 | |
| Black Citadel | 1 | |
| Spirit Tower | 21 | |
| Sacrificial Pit | 1 | |
| Boneyard | 2 | |
| Necropolis | 2 | |
64 total
» build order
00:12 Crypt
00:15 Altar of Darkness
00:28 Ziggurat
00:55 Tomb of Relics
01:44 Ziggurat
02:11 Nerubian Tower
03:22 Halls of the Dead
03:58 Graveyard
05:03 Ziggurat
05:07 Ziggurat
05:10 Ziggurat
06:02 Black Citadel
06:17 Spirit Tower
06:35 Sacrificial Pit
08:42 Boneyard
08:51 Boneyard
08:54 Spirit Tower
08:55 Ziggurat
10:43 Spirit Tower
11:23 Spirit Tower
11:57 Ziggurat
16:23 Spirit Tower
17:24 Necropolis
18:19 Ziggurat
21:05 Halls of the Dead
21:33 Spirit Tower
21:36 Ziggurat
22:12 Spirit Tower
29:59 Necropolis
32:12 Ziggurat
32:16 Ziggurat
32:21 Ziggurat
33:19 Ziggurat
33:23 Ziggurat
33:37 Spirit Tower
33:44 Spirit Tower
34:19 Ziggurat
34:21 Ziggurat
34:42 Ziggurat
35:30 Spirit Tower
35:32 Spirit Tower
36:24 Spirit Tower
36:25 Ziggurat
37:38 Spirit Tower
38:24 Ziggurat
38:25 Spirit Tower
38:28 Ziggurat
38:30 Ziggurat
39:19 Spirit Tower
39:23 Ziggurat
40:07 Ziggurat
40:08 Spirit Tower
40:13 Spirit Tower
40:58 Spirit Tower
41:01 Ziggurat
42:13 Spirit Tower
42:58 Ziggurat
42:59 Ziggurat
43:02 Nerubian Tower
44:19 Spirit Tower
44:34 Halls of the Dead
45:17 Spirit Tower
45:20 Ziggurat
45:23 Ziggurat
» items
| Rod of Necromancy | 1 | |
| Dust of Appearance | 1 | |
| Scroll of Town Portal | 4 | |
| Orb of Corruption | 1 | |
7 total
TOWER-CRAFT (
teal | 84 APM | 4038 actions | 48:04)
6 Death Knight
3 Death Coil
2 Unholy Aura
1 Animate Dead
5 Lich
3 Frost Nova
1 Dark Ritual
1 Frost Armor
» actions
| Assign group hotkey | 171 | |
| Basic commands | 63 | |
| Build / train | 204 | |
| Enter build submenu | 80 | |
| Enter hero's abilities submenu | 11 | |
| Give item / drop item | 8 | |
| Right click | 1569 | |
| Select / deselect | 698 | |
| Select group hotkey | 972 | |
| Use ability | 261 | |
4038 total
» units
| Acolyte | 35 | |
| Ghoul | 9 | |
| Crypt Fiend | 16 | |
| Obsidian Statue | 3 | |
| Frost Wyrm | 3 | |
| Gargoyle | 36 | |
102 total
» upgrades
| Creature Attack | 3 | |
| Burrow | 1 | |
| Web | 1 | |
| Creature Carapace | 3 | |
| Destroyer Form | 1 | |
| Freezing Breath | 1 | |
| Stone Form | 1 | |
11 total
» buildings
| Graveyard | 2 | |
| Crypt | 7 | |
| Altar of Darkness | 2 | |
| Ziggurat | 42 | |
| Tomb of Relics | 2 | |
| Nerubian Tower | 7 | |
| Halls of the Dead | 6 | |
| Spirit Tower | 29 | |
| Necropolis | 4 | |
| Slaughterhouse | 1 | |
| Black Citadel | 3 | |
| Sacrificial Pit | 1 | |
| Boneyard | 3 | |
109 total
» build order
00:14 Graveyard
00:24 Crypt
00:41 Altar of Darkness
00:52 Ziggurat
01:07 Tomb of Relics
01:22 Ziggurat
01:46 Nerubian Tower
04:17 Ziggurat
04:45 Halls of the Dead
04:46 Halls of the Dead
05:00 Spirit Tower
06:27 Spirit Tower
06:30 Necropolis
06:33 Ziggurat
06:37 Ziggurat
07:28 Nerubian Tower
07:30 Spirit Tower
08:07 Crypt
08:10 Ziggurat
08:31 Slaughterhouse
08:35 Ziggurat
09:15 Black Citadel
09:16 Black Citadel
09:35 Spirit Tower
09:35 Spirit Tower
09:36 Ziggurat
09:37 Ziggurat
09:40 Ziggurat
09:53 Spirit Tower
11:20 Spirit Tower
11:20 Spirit Tower
11:21 Spirit Tower
13:41 Spirit Tower
13:45 Sacrificial Pit
14:46 Boneyard
14:48 Boneyard
14:52 Boneyard
18:44 Ziggurat
18:49 Ziggurat
18:50 Ziggurat
18:54 Ziggurat
18:58 Ziggurat
19:01 Ziggurat
24:30 Necropolis
25:52 Ziggurat
25:54 Ziggurat
25:57 Necropolis
26:00 Ziggurat
26:50 Spirit Tower
26:51 Ziggurat
26:55 Ziggurat
27:30 Ziggurat
28:28 Spirit Tower
31:32 Necropolis
32:00 Ziggurat
32:04 Ziggurat
32:55 Ziggurat
32:55 Ziggurat
32:56 Ziggurat
32:57 Ziggurat
33:00 Ziggurat
33:06 Spirit Tower
33:13 Ziggurat
33:20 Nerubian Tower
33:26 Ziggurat
33:38 Ziggurat
33:45 Ziggurat
34:04 Spirit Tower
34:06 Spirit Tower
34:08 Nerubian Tower
34:09 Spirit Tower
34:09 Spirit Tower
34:32 Spirit Tower
34:48 Spirit Tower
34:48 Spirit Tower
34:52 Ziggurat
34:53 Ziggurat
35:49 Ziggurat
35:53 Ziggurat
35:55 Ziggurat
36:03 Spirit Tower
37:00 Spirit Tower
37:04 Nerubian Tower
37:04 Nerubian Tower
38:03 Ziggurat
38:05 Ziggurat
38:22 Ziggurat
38:56 Spirit Tower
38:57 Spirit Tower
39:14 Spirit Tower
40:06 Halls of the Dead
40:06 Halls of the Dead
41:05 Ziggurat
41:07 Halls of the Dead
41:18 Crypt
41:23 Graveyard
41:26 Crypt
41:32 Crypt
42:33 Altar of Darkness
43:07 Tomb of Relics
43:50 Spirit Tower
44:57 Black Citadel
45:30 Crypt
45:37 Crypt
» items
| Rod of Necromancy | 2 | |
| Dust of Appearance | 4 | |
| Sacrificial Skull | 4 | |
| Claws of Attack +6 | 1 | |
| Orb of Frost | 4 | |
| Scroll of Town Portal | 2 | |
| Claws of Attack +15 | 1 | |
| Ring of Protection +5 | 3 | |
| Potion of Healing | 1 | |
| Potion of Mana | 1 | |
| Scroll of Healing | 1 | |
24 total
Chat log
(00:06 / All) SEAN_W: FUCK
(00:07 / All) SEAN_W: PROS
(00:12 / All) Wiater: hi hackers
(00:13 / Allies) k2_boarder: HACKERS
(00:18 / Allies) Fiar: ?
(00:22 / Allies) k2_boarder: ill need towas
(01:10 / Allies) Fiar: they really hack
(01:13 / Allies) k2_boarder: tyes
(01:14 / Allies) Fiar: or are the yonly suspicious
(01:16 / Allies) Wiater: oh yeah
(01:17 / Allies) k2_boarder: no they do
(01:26 / Allies) k2_boarder: tower craft alwyas
(01:27 / Allies) k2_boarder: hacks
(01:30 / Allies) Fiar: then why bother
(01:31 / Allies) Fiar: palying
(01:35 / Allies) k2_boarder: cause were better
(02:04 / Allies) Wiater: resources
(02:30 / Allies) Wiater: just feed me kodos
(02:32 / Allies) Wiater: ill get the gyro army
(02:38 / Allies) k2_boarder: k
(02:52 / Allies) k2_boarder: lol
(02:57 / Allies) Fiar: rofl
(02:57 / Allies) k2_boarder: idiot wasting dust
(02:59 / Allies) Fiar: intercepted me
(03:06 / Allies) Wiater: \resources
(03:09 / Allies) Wiater: 25 food wisps kodos
(03:18 / Allies) k2_boarder: feeder
(04:33 / Allies) Fiar: need to take top left
(04:38 / Allies) Fiar: ctrl joobs
(04:39 / Allies) Wiater: what creeps
(04:44 / Allies) Fiar: all ground
(04:45 / Allies) Fiar: mage
(04:49 / Allies) Wiater: good
(05:13 / Allies) Fiar: ctrl
(05:14 / Allies) Fiar: joobs
(05:26 / Allies) Fiar: they straight teching
(05:27 / Allies) Fiar: all of them
(06:06 / Allies) k2_boarder: k
(06:13 / Allies) Fiar: tech kodos
(06:16 / Allies) k2_boarder: in a sec
(06:48 / All) SEAN_W: U GUYS ARE WORSE THAN SDFWESDR XD XD
(06:59 / All) Fiar: if i knew who that was id care
(07:01 / All) Wiater: there's the hackers
(07:06 / All) got-fcked: MILITIA-CRAFT
(07:08 / All) k2_boarder: here comes the hackers
(07:08 / All) got-fcked: LOL
(07:12 / All) got-fcked: MILITIA-CARFT> ALL
(07:15 / All) k2_boarder: whos that?
(07:15 / All) got-fcked: RAPES KODOS
(07:17 / All) got-fcked: RAPES FIAR
(07:19 / All) k2_boarder: some scrub?
(07:20 / All) got-fcked: RAPES ALL
(07:22 / All) got-fcked: HE PRO
(07:23 / All) got-fcked: HUMAN
(07:25 / All) got-fcked: ONE AST
(07:35 / All) k2_boarder: you hack
(07:39 / All) Wiater: sounds like below 50% hacking trash to me
(07:40 / All) SEAN_W: WHO HACKS
(07:42 / All) got-fcked: u dont even know me
(07:45 / All) got-fcked: HOW CAN U ACCUSE ME
(07:46 / All) got-fcked: ?
(07:49 / All) k2_boarder: you all hack
(07:51 / All) k2_boarder: nigger
(07:53 / All) SEAN_W: I DONT
(07:58 / All) SEAN_W: LOLZ
(07:59 / All) Wiater: oh ok
(08:03 / All) Wiater: that makes it fine that you [play with hackers
(08:30 / Allies) Fiar: needs to be taken
(08:34 / Allies) Fiar: teal is on the other side of the map
(08:36 / Allies) Wiater: can only take it whent hey are being distracted
(09:05 / Allies) k2_boarder: ill go run around
(09:09 / Allies) k2_boarder: make them chase me
(09:33 / Allies) k2_boarder: rofl
(09:43 / All) Wiater: there's the hacker running to my expansion
(09:49 / All) got-fcked: stfu hackers
(09:51 / All) got-fcked: U play wit kodos
(09:54 / All) got-fcked: hackers
(10:02 / All) Wiater: Idiot trying to surroudn
(10:03 / All) Wiater: rofl
(10:06 / All) k2_boarder: lol
(10:20 / Allies) Wiater: need bats or gyros
(10:24 / Allies) Wiater: to make their armies stay on their side
(10:27 / Allies) Wiater: it's pointless otherwise
(10:41 / Allies) Fiar: ill force
(10:43 / Allies) Fiar: teal to go
(10:54 / Allies) k2_boarder: ill make a couple chimes larer
(10:56 / Allies) k2_boarder: later
(11:05 / Allies) Wiater: gold
(11:27 / Allies) Wiater: keep bats away from open land
(11:29 / Allies) Fiar: get ready
(11:40 / Allies) Fiar: rofl
(11:49 / Allies) Wiater: oh ffs
(12:03 / Allies) Wiater: mass gold me before uipkeep
(13:17 / Allies) Wiater: gold
(13:44 / Allies) Wiater: gold
(14:03 / All) k2_boarder: nice job
(14:14 / All) got-fcked: stfu hacker
(14:16 / All) got-fcked: tell ur friends
(14:18 / All) Wiater: sad sad losers
(14:19 / All) got-fcked: Milita-craft
(14:20 / All) got-fcked: raped u
(14:28 / All) Fiar: why would i talk about some no name hacker
(14:30 / All) k2_boarder: we dont know you retard
(14:31 / Allies) Wiater: some gold
(14:32 / All) Fiar: that's a dime a dozen
(14:42 / All) got-fcked: hackers
(14:46 / All) got-fcked: hackers
(14:47 / All) got-fcked: hack
(14:48 / All) got-fcked: More
(14:50 / All) got-fcked: hack
(14:54 / All) Wiater: that's what you're doing alright
(15:09 / All) Wiater: and you're the type of dork who brags about it
(15:15 / All) Wiater: physically disgusting
(15:21 / All) Wiater: that there exist people like you
(15:33 / All) Wiater: look at thius nerd chase my invisible mk
(15:53 / Allies) Fiar: going
(15:55 / All) Wiater: tells himself every game that everyone else hacks so it's ok that he does too
(15:57 / Allies) Fiar: we need you to tech kodos
(16:01 / Allies) Fiar: oh wia
(16:01 / Allies) k2_boarder: im tier 2
(16:02 / Allies) Fiar: you di
(16:02 / Allies) k2_boarder: 3
(16:13 / Allies) Fiar: take that expo
(16:14 / Allies) Fiar: now
(16:21 / Allies) Fiar: whiole they chase
(17:04 / All) SEAN_W: ...
(17:07 / Allies) Fiar: take it now
(17:08 / Allies) Fiar: im gonig to bat
(17:09 / All) SEAN_W: SURE WAS WORTH IT
(17:09 / Allies) Fiar: now
(17:14 / All) Wiater: why
(17:17 / All) Wiater: Is hacking nerd talking ?
(17:26 / All) SEAN_W: WHY
(17:28 / All) SEAN_W: IS NOOB FILTH
(17:29 / All) SEAN_W: HERE
(17:39 / All) Wiater: k dork
(17:51 / Allies) Fiar: canceled
(17:53 / Allies) Fiar: when i was wind walked
(17:54 / Allies) Fiar: ahahah
(18:00 / Allies) Wiater: golds
(18:00 / All) SEAN_W: O HI
(18:12 / Allies) Wiater: more
(18:23 / Allies) k2_boarder: they going
(18:24 / Allies) k2_boarder: rofl
(18:26 / Allies) Fiar: send gyros
(18:28 / Allies) Fiar: to hit teal
(18:30 / Allies) k2_boarder: hit iwth bats
(18:35 / Allies) k2_boarder: hes got fiends up there
(18:36 / Allies) Fiar: hes camping
(18:36 / Allies) Fiar: there
(18:43 / All) Wiater: Nerds running to my expansion
(19:42 / All) Wiater: this guyu lost his dh to towers
(19:54 / All) k2_boarder: but hes "pro"
(20:00 / All) k2_boarder: i lol'd
(20:21 / Allies) k2_boarder: send me a sorc whe u can
(20:46 / Allies) Wiater: wtf
(20:54 / Allies) k2_boarder: make another sorc
(21:12 / Allies) Fiar: i cant bat shit
(21:15 / Allies) Fiar: with blue follwong iw
(21:20 / Allies) Wiater: you have to keep thjem
(21:24 / Allies) Wiater: above the trees near their base
(21:26 / Allies) Wiater: that makes them camp
(21:27 / Allies) Wiater: all game
(21:57 / Allies) k2_boarder: fgyros
(22:23 / All) Wiater: run hacker run
(22:48 / Allies) Wiater: help me guard
(23:38 / All) k2_boarder: thank god you guyd cant micro
(24:42 / Allies) Wiater: wood
(24:45 / Allies) Fiar: gyros
(24:45 / Allies) Fiar: now
(24:48 / Allies) Wiater: wood
(25:39 / All) k2_boarder: 0-2
(25:39 / All) Wiater: even fail at pause abusing
(25:47 / Allies) Fiar: take kodos
(25:55 / Allies) k2_boarder: k
(26:06 / Allies) Wiater: get ready to kill
(26:07 / Allies) Wiater: when i hit main
(26:11 / Allies) k2_boarder: k
(26:15 / Allies) k2_boarder: 100
(26:16 / Allies) k2_boarder: g
(26:17 / Allies) k2_boarder: 110
(26:43 / Allies) k2_boarder: goign
(27:28 / Allies) Fiar: hit teal
(27:29 / Allies) Fiar: over and over
(27:34 / Allies) Fiar: so blue has to stay there
(28:23 / Allies) k2_boarder: wow
(28:24 / Allies) k2_boarder: fucking iggeer
(28:59 / Allies) k2_boarder: ill send some
(29:02 / Allies) Wiater: no
(29:04 / Allies) Fiar: just build some
(29:06 / Allies) Fiar: theyll get ganked
(29:06 / Allies) Wiater: they will just die
(29:41 / Allies) Wiater: hitting the bottom
(30:37 / All) Wiater: i think that's the first kill the nightelf has made all game
(31:11 / Allies) Wiater: kodos make 80 food chims
(31:18 / Allies) Fiar: gold
(31:28 / Allies) Fiar: gold me since i dont have a mine
(31:43 / All) Wiater: Run over nerds
(31:43 / All) Wiater: run
(32:21 / Allies) Fiar: blue and teal
(32:22 / Allies) Fiar: down here
(32:29 / Allies) Fiar: hit top
(32:29 / Allies) Fiar: now
(33:04 / Allies) Wiater: just need a massive army of tanks and gyros
(33:05 / Allies) Fiar: they got two more expos
(33:07 / Allies) Fiar: we're fucked
(33:33 / Allies) k2_boarder: dh
(34:01 / All) k2_boarder: nice one
(34:59 / All) Fiar: how can blatant hackers be so bad
(35:53 / Allies) k2_boarder: yros
(36:03 / All) Wiater: Run hacker run
(36:23 / Allies) Fiar: only one tower
(36:53 / All) Wiater: Fucking nerds jesus
(37:11 / All) Wiater: so desperate for WARCRAFT 3 wins
(37:28 / Allies) k2_boarder: keep them here
(38:34 / All) TOWER-CRAFT: u guys rbad
(38:35 / All) TOWER-CRAFT: Lol
(38:43 / All) k2_boarder: no thats you
(38:46 / All) Fiar: you figure it out
(39:02 / Allies) Wiater: save up your chims
(39:09 / Allies) Fiar: im forcing
(39:12 / Allies) Fiar: teal to go to main
(39:13 / Allies) k2_boarder: going to save a little gold
(39:14 / Allies) Fiar: be ready
(39:21 / All) TOWER-CRAFT: newb hackers
(39:27 / All) got-fcked: hack more
(39:29 / All) got-fcked: and denny it
(39:32 / All) k2_boarder: we dont hack
(40:03 / Allies) Wiater: god
(40:47 / All) Wiater: run nerd run
(40:48 / Allies) k2_boarder: i can heal
(41:15 / Allies) Wiater: more chims
(41:19 / All) SEAN_W: 10 K LEFT
(41:22 / All) SEAN_W: WE GONNA OUT GOLD U
(41:34 / All) Fiar: its sad that the game came to that when you hack :(
(41:41 / All) SEAN_W: NO
(41:44 / All) SEAN_W: NOT REALLY
(41:45 / All) Fiar: but then again I dont really care about this game as much as you
(41:49 / All) SEAN_W: THEN LEAVE
(41:59 / All) Fiar: im playing to have fun whats more fun then just using a bm
(42:00 / All) Wiater: nerd wants to fit in 15 more games today
(42:09 / All) SEAN_W: LOL
(42:11 / All) SEAN_W: 20 MAN
(42:11 / All) SEAN_W: 20
(42:16 / All) Wiater: hehe he jokes about it
(42:18 / All) Wiater: But he knows it's true
(42:37 / Allies) k2_boarder: stupid nigger is jsut cmaping
(43:08 / Allies) k2_boarder: get rdy to go
(43:11 / Allies) k2_boarder: 80 food
(44:40 / All) TOWER-CRAFT: u CAN LEAVE KNOW
(45:09 / Allies) k2_boarder: 1 more chime
(45:45 / Allies) k2_boarder: sc
(45:48 / Allies) k2_boarder: sec
(45:51 / Allies) k2_boarder: 1 more
(45:53 / Allies) k2_boarder: heal up ur bm
(45:53 / Allies) k2_boarder: fire
(45:54 / Allies) k2_boarder: and come
(45:59 / Allies) Fiar: cant get there
(46:02 / Allies) Fiar: the nigger uds
(46:04 / Allies) Fiar: have me trapped
(46:11 / Allies) Fiar: saw enemy
(46:19 / Allies) Wiater: go
(46:20 / Allies) Wiater: before me
(46:25 / Allies) Wiater: go
(46:27 / Allies) Fiar: blue
(46:33 / Allies) Wiater: lich
(47:06 / All) k2_boarder: sad
(47:10 / Allies) Wiater: tranq
(47:15 / Allies) k2_boarder: go ill
(47:16 / Allies) Fiar: going to another expo
(47:18 / Allies) Fiar: to kill it
(47:20 / Allies) Fiar: kill that shit
(47:27 / Allies) Fiar: i got it
(48:07 / All) Fiar: hahaha
(48:07 / All) Wiater: rofl
(48:08 / All) k2_boarder: nice job
(48:09 / All) Fiar: hacking noobs
(48:09 / All) Wiater: fucking terrible